 Dungeon Crawl Stone Soup version 0.25-a0-577-ga4619f409e (webtiles) character file.

Game seed: 7195514454427043096, levelgen mode: deterministic

11049 fatnat the Severer (level 11, -1/99 HPs)
             Began as a Hill Orc Fighter on Mar 2, 2020.
             Was an Elder of Okawaru.
             Slain by an eight-headed hydra (4 damage)
             ... on level 2 of the Lair of Beasts.
             The game lasted 00:29:14 (10114 turns).

fatnat the Severer (Hill Orc Fighter)              Turns: 10114, Time: 00:29:15

Health: -1/99      AC: 25    Str: 20    XL:     11   Next: 71%
Magic:  9/11       EV: 12    Int:  8    God:    Okawaru [****..]
Gold:   855        SH:  9    Dex: 13    Spells: 10/10 levels left

rFire    . . .     SeeInvis .   w - +5 whip (elec)
rCold    . . .     Gourm    .   j - +3 buckler
rNeg     . . .     Faith    .   K - +0 storm dragon scales
rPois    .         Spirit   .   x - +2 helmet
rElec    +         Reflect  .   t - +0 cloak
rCorr    .         Harm     .   h - +1 pair of gloves
MR       .....                  D - +0 pair of boots
Stlth    ..........             (no amulet)
HPRegen  0.26/turn              (no ring)
MPRegen  0.12/turn              (no ring)

@: heroism
A: no striking features
a: Heroism, Renounce Religion


You were on level 2 of the Lair of Beasts.
You worshipped Okawaru.
Okawaru was greatly pleased with you.
You were hungry.

You visited 3 branches of the dungeon, and saw 13 of its levels.

You collected 855 gold pieces.

Inventory:

Hand Weapons
 a - a +1 war axe
 p - a +0 trident
 w - a +5 whip of electrocution (weapon)
 O - a +0 trident
Armour
 c - a +0 kite shield
 h - a +1 pair of gloves (worn)
 j - a +3 buckler (worn)
 t - a +0 cloak (worn)
 x - a +2 helmet (worn)
 z - a +0 pair of gloves
 D - a +0 pair of boots (worn)
 G - the +1 ring mail of the Game of Life {Slay+3}
   (You found it on level 6 of the Dungeon)

   It affects your accuracy and damage with ranged weapons and melee attacks
   (+3).
   If you switch to wearing this armour, your AC will decrease by 7 (25 -> 18).
 K - +0 storm dragon scales (worn)
 N - the +1 chain mail of Somewhere Else {Int+5 Dex+3}
   (You found it on level 9 of the Dungeon)

   It affects your intelligence (+5).
   It affects your dexterity (+3).
   If you switch to wearing this armour, your AC will decrease by 2 (25 -> 23).
Jewellery
 r - an uncursed amulet of harm
 B - a +3 ring of intelligence
 P - an uncursed ring of poison resistance {unknown}
Wands
 i - a wand of disintegration (22)
 s - a wand of iceblast (22)
 v - a wand of random effects (15)
 H - a wand of clouds (5)
 M - a wand of digging (6)
Scrolls
 b - a scroll of blinking {unknown}
 k - 2 scrolls of magic mapping
 l - 3 scrolls of teleportation
 o - 3 scrolls of immolation {unknown}
 q - 3 scrolls of enchant armour
 u - 12 scrolls of identify
 y - a scroll of fear
 A - 3 scrolls of enchant weapon
 E - 5 scrolls of amnesia
 J - 2 scrolls of fog
 Q - a scroll of remove curse
 R - a scroll of brand weapon {unknown}
Potions
 d - 2 potions of might
 e - 3 potions of heal wounds
 g - 2 potions of mutation {unknown}
 m - 5 potions of curing {unknown}
 n - 3 potions of haste {unknown}
 C - 4 potions of flight {unknown}
 F - 2 potions of stabbing {unknown}
 I - 2 potions of degeneration {unknown}
 L - 2 potions of resistance {unknown}
 S - a potion of berserk rage {unknown}
Comestibles
 f - 20 rations


   Skills:
 + Level 9.9(14.9) Fighting
 * Level 17.7(22.7) Axes
 + Level 8.0(13.0) Armour
 + Level 2.4(7.4) Dodging
 - Level 4.0(9.0) Shields


You had 10 spell levels left.
You didn't know any spells.
Your spell library contained the following spells:

 Spells                   Type           Power        Failure   Level  Hunger
 Animate Skeleton         Necr           N/A          95%         1    ##.....
 Apportation              Tloc           #.....       95%         1    ##.....
 Corona                   Hex            #......      95%         1    ##.....
 Freeze                   Ice            #...         95%         1    ##.....
 Summon Small Mammal      Summ           #...         95%         1    ##.....
 Ensorcelled Hibernation  Hex/Ice        #.....       98%         2    ###....
 Confusing Touch          Hex            #.......     100%        3    ####...
 Dazzling Flash           Conj/Hex       #.....       100%        3    ####...
 Frozen Ramparts          Ice            #.....       100%        3    ####...
 Ozocubu's Armour         Chrm/Ice       #.......     100%        3    ####...
 Tukima's Dance           Hex            #.......     100%        3    ####...
 Hailstorm                Conj/Ice       #.......     100%        4    #####..
 Summon Ice Beast         Ice/Summ       #.......     100%        4    #####..


Dungeon Overview and Level Annotations

Branches:
Dungeon (10/15)            Temple (1/1) D:4            Lair (2/6) D:8
    Orc (0/2) D:9
  Swamp: Lair:2-4    Shoals: Lair:2-4     Snake: Lair:2-4    Spider: Lair:2-4

Altars:
Ashenzari
Cheibriados
Dithmenos
Elyvilon
Fedhas
Gozag
Hepliaklqana
Kikubaaqudgha
Makhleb
Nemelex Xobeh
Okawaru
Qazlal
Ru
Sif Muna
Trog
Uskayaw
Vehumet
Wu Jian
Xom
Yredelemnul
Zin
The Shining One

Shops:
D:4 %   D:9 !

Annotations:
D:9 2 transporters


Message History

The eight-headed hydra closely misses you.
You block the eight-headed hydra's attack.
The eight-headed hydra bites you but does no damage.
You gain the combat prowess of a mighty hero.
The porcupine bites the fungus!
You block the eight-headed hydra's attack.
The eight-headed hydra completely misses you.
The eight-headed hydra barely misses you.
The eight-headed hydra completely misses you.
The eight-headed hydra misses you.
The eight-headed hydra bites you but does no damage.
The eight-headed hydra barely misses you.
The eight-headed hydra bites you but does no damage.
The porcupine bites the fungus.
You whack the eight-headed hydra!
Lightning courses through the eight-headed hydra!!
The eight-headed hydra is almost dead.
The eight-headed hydra closely misses you.
The eight-headed hydra bites you.
You die...

.............
.#.###.#.P### ..#
##.# ##.P# #.##
#.## #.## #..#
##..# ... ...##
#..## #.# #..P ##.#
##.# ##rP ##.# #..#
#PD# #..# ###.###
#.@##
##.###...P.#####..#
.................##
##.#.P##P###.#####
######### ###


You could see an eight-headed hydra and a porcupine.

Vanquished Creatures
  The ghost of KennyOmg the Cleaver, a novice MiBe of Trog (D:10)
  3 two-headed ogres
  A spiny frog (Lair:2)
  2 komodo dragons
  A hornet (D:10)
  Prince Ribbit (D:9)
  4 blink frogs
  7 yaks
  3 hungry ghosts
  A water moccasin (D:6)
  3 porcupines
  6 black bears
  2 ice beasts (D:6)
  2 orc warriors
  A sky beast (D:9)
  5 phantoms
  5 ogres
  3 centaurs
  2 crocodiles (Lair:1)
  6 bullfrogs
  A big kobold (D:7)
  2 scorpions
  2 troll zombies (D:9)
  4 killer bees (D:10)
  2 howler monkeys
  5 crimson imps
  2 bullfrog zombies
  7 hounds
  2 jellies
  A quasit (D:9)
  A centaur skeleton (D:10)
  3 orc wizards
  2 bullfrog skeletons (D:10)
  4 orc priests
  7 iguanas
  Terence (D:3)
  7 worker ants
  6 ogre zombies (D:9)
  A hound zombie (D:5)
  A worker ant zombie (D:9)
  Robin (D:3)
  11 adders
  A howler monkey skeleton (D:6)
  4 shadow imps
  An adder zombie (D:5)
  4 worms
  3 dart slugs
  9 leopard geckos
  20 orcs
  7 bats
  5 giant cockroaches
  11 goblins
  14 hobgoblins
  12 jackals
  5 quokkas
  2 ball pythons
  4 frilled lizards
  A goblin skeleton (D:9)
  5 goblin zombies (D:9)
  A hobgoblin skeleton (D:9)
  3 hobgoblin zombies (D:9)
  11 kobolds
  A leopard gecko skeleton (D:5)
  A leopard gecko zombie (D:8)
  3 orc skeletons (D:9)
  12 orc zombies (D:9)
  A quokka zombie (D:5)
  7 rats
280 creatures vanquished.

Vanquished Creatures (others)
  3 fungi (D:8)
  A plant (D:8)
4 creatures vanquished.

Grand Total: 284 creatures vanquished

Notes
Turn   | Place    | Note
-------+----------+-------------------------------------------
     0 | D:1      | fatnat the Hill Orc Fighter began the quest for the Orb.
     0 | D:1      | Reached XP level 1. HP: 19/19 MP: 1/1
   136 | D:1      | Reached XP level 2. HP: 25/27 MP: 2/2
   197 | D:1      | Reached skill level 3 in Axes
   439 | D:2      | Reached XP level 3. HP: 17/33 MP: 3/3
   817 | D:2      | Reached skill level 4 in Axes
   867 | D:2      | Reached XP level 4. HP: 27/40 MP: 4/4
  1489 | D:3      | Reached skill level 5 in Axes
  1603 | D:3      | Reached XP level 5. HP: 41/46 MP: 5/5
  1642 | D:3      | Noticed Robin
  1655 | D:3      | Killed Robin
  1887 | D:3      | Noticed Terence
  1897 | D:3      | Killed Terence
  2092 | D:4      | Found Pumeruej's Food Shoppe.
  2102 | D:4      | Noticed an ogre
  2112 | D:4      | Killed an ogre
  2112 | D:4      | Reached skill level 6 in Axes
  2112 | D:4      | Reached XP level 6. HP: 37/53 MP: 6/6
  2330 | D:4      | Found a hazy altar of Hepliaklqana.
  2345 | D:4      | Noticed a phantom
  2358 | D:4      | Killed a phantom
  2358 | D:4      | Reached skill level 7 in Axes
  2364 | D:4      | Found a staircase to the Ecumenical Temple.
  2373 | Temple   | Entered the Ecumenical Temple
  2633 | D:4      | Reached XP level 7. HP: 12/60 MP: 7/7
  3069 | D:4      | Reached skill level 8 in Axes
  3539 | D:5      | Entered Level 5 of the Dungeon
  3614 | D:5      | Reached skill level 9 in Axes
  3778 | D:5      | Reached skill level 1 in Dodging
  4004 | D:5      | Reached skill level 5 in Fighting
  4146 | D:5      | Reached skill level 10 in Axes
  4146 | D:5      | Reached XP level 8. HP: 60/68 MP: 8/8
  4414 | D:6      | Got a slimy ring mail
  4425 | D:6      | Identified the +1 ring mail of the Game of Life {Slay+3}
                  | (You found it on level 6 of the Dungeon)
  4701 | D:6      | Reached skill level 11 in Axes
  4860 | D:6      | Found an opulent altar of Gozag.
  5019 | D:6      | Found a shattered altar of Ashenzari.
  5138 | D:6      | Reached skill level 12 in Axes
  5138 | D:6      | Reached skill level 5 in Armour
  5150 | D:7      | Reached XP level 9. HP: 60/75 MP: 9/9
  5185 | D:7      | Reached skill level 13 in Axes
  5581 | D:7      | Found an ancient bone altar of Kikubaaqudgha.
  5707 | D:7      | Found a shimmering altar of Xom.
  5754 | D:7      | Found a sparkling altar of Nemelex Xobeh.
  5804 | D:7      | Found a glowing silver altar of Zin.
  5804 | D:7      | Noticed an angel
  5850 | D:8      | Found a bloodstained altar of Trog.
  5941 | D:8      | Found an iron altar of Okawaru.
  5947 | D:8      | Became a worshipper of Warmaster Okawaru
  6150 | D:8      | Reached skill level 14 in Axes
  6164 | D:8      | Reached * piety under Okawaru
  6226 | D:8      | Reached XP level 10. HP: 57/84 MP: 10/10
  6345 | D:8      | Found a staircase to the Lair.
  6389 | D:8      | Found a shadowy altar of Dithmenos.
  6677 | D:8      | Reached skill level 15 in Axes
  6820 | D:9      | Reached ** piety under Okawaru
  6857 | D:9      | Noticed a kobold demonologist
  6858 | D:9      | Found a transporter.
  6864 | D:9      | Found a transporter.
  6869 | D:9      | Found Rageaghu's Distillery.
  6897 | D:9      | Noticed a two-headed ogre
  6908 | D:9      | Killed a two-headed ogre
  6911 | D:9      | Noticed a two-headed ogre
  6927 | D:9      | Killed a two-headed ogre
  6927 | D:9      | Reached *** piety under Okawaru
  6927 | D:9      | Reached skill level 16 in Axes
  6971 | D:9      | Noticed Prince Ribbit
  7085 | D:9      | Found a staircase to the Orcish Mines.
  7123 | D:9      | Reached XP level 11. HP: 82/95 MP: 9/11
  7199 | D:9      | Found a white marble altar of Elyvilon.
  7218 | D:9      | Noticed an orc high priest
  7312 | D:9      | Got a jade-encrusted chain mail
  7323 | D:9      | Identified the cursed +1 chain mail of Somewhere Else
                  | {Int+5 Dex+3} (You found it on level 9 of the Dungeon)
  7371 | D:9      | Found an iron altar of Okawaru.
  7372 | D:9      | Found a sacrificial altar of Ru.
  7472 | D:9      | Killed Prince Ribbit
  7539 | D:10     | Entered Level 10 of the Dungeon
  7568 | D:10     | Found a runed translucent door.
  7677 | D:10     | Reached skill level 17 in Axes
  7736 | D:10     | Noticed a two-headed ogre
  7750 | D:10     | Killed a two-headed ogre
  7750 | D:10     | Reached **** piety under Okawaru
  7751 | D:10     | Paralysed by a hornet for 3 turns
  8285 | D:10     | Noticed KennyOmg's ghost (novice MiBe)
  8313 | D:10     | Killed KennyOmg's ghost
  8557 | Lair:1   | Entered Level 1 of the Lair of Beasts
 10097 | Lair:2   | Noticed an eight-headed hydra
 10112 | Lair:2   | HP: 3/99 [eight-headed hydra (9)]
 10114 | Lair:2   | Slain by an eight-headed hydra

Levels and vault maps discovered:
D:1:      dpeg_arrival_pits, layout_rooms
D:2:      layout_loops_cross, minmay_tromino_i2
D:3:      kb_forest_paths, layout_basic, uniq_terence, uniq_robin
D:4:      minmay_angry_zag, layout_loops_corners, lemuel_doored_altar,
          minmay_temple_entry_crystal_x, first_ration, serial_shops,
          nicolae_shop_stone
D:5:      layout_basic, chequers_arboretum, minmay_bent
D:6:      layout_rooms, marbit_many_paths,
          nicolae_gozag_cash_rules_everything_around_me
D:7:      layout_rooms, nicolae_overflow_hidden_temple, zin_angel,
          xom_teletrap_fun, nemelex_xobeh_ov_fountains_minmay
D:8:      layout_loops_ring, grunt_dithmenos_smoke, old_standard_altar,
          grunt_lair_entry_orc_guard_hut, okawaru_trees_2
D:9:      gammafunk_wand_slinger, layout_small_grid, elyvilon_altar_5,
          gammafunk_temple_overflow_statue, zombieorc2_lemuel, serial_shops,
          shop_statue, uniq_prince_ribbit1
D:10:     layout_cave_pools, gammafunk_ghost_grave, serial_column_ruins,
          column_ruins_columns_straight, column_ruins_open_large,
          column_ruins_corridor_corner, column_ruins_grid_1,
          column_ruins_open_tiny, column_ruins_open_medium
Temple:   minmay_temple_curvy_loop
Lair:1:   layout_roguey
Lair:2:   layout_small_grid, eino_house_with_fridge, infiniplex_staircase_pool

Skill      XL: |  1  2  3  4  5  6  7  8  9 10 11 |
---------------+----------------------------------+-----
Fighting       | 4 5 6 8 9 |  9.9
Axes           | 3 4 5 6 7 10 12 14 16 17 | 17.7
Armour         | 4 5 6 8 |  8.0
Shields        | 4 |  4.0
Dodging        | 1 2 |  2.4

Action                   |  1- 3 |  4- 6 |  7- 9 | 10-12 || total
-------------------------+-------+-------+-------+-------++-------
Melee: War axe           |   123 |   148 |   328 |   377 ||   976
       Whip              |       |       |       |    10 ||    10
Invok: Heroism           |       |       |       |     3 ||     3
  Use: Scroll            |       |       |    13 |     1 ||    14
  Eat: Chunk             |       |     4 |    11 |     9 ||    24
       Ration            |       |       |     3 |     1 ||     4
Armor: Scale mail        |    64 |    62 |    23 |       ||   149
       Chain mail        |       |       |   122 |       ||   122
       Ring mail         |       |       |     2 |       ||     2
       Storm dragon scal |       |       |    53 |   174 ||   227
Dodge: Dodged            |    48 |    53 |   109 |   100 ||   310
Block: Kite shield       |    12 |       |       |       ||    12
       Buckler           |    46 |    44 |   112 |   122 ||   324

Table legend:
 A = Non-vault XP
 B = Vault XP
 C = Vault XP percentage of total XP
 D = Non-vault monster count
 E = Vault monster count
 F = Vault count percentage of total count
                 A         B        C        D         E       F
            +---------+---------+-------+---------+---------+-------
      Total |   12584 |    3201 |  20.3 |     212 |      68 |  24.3
            +---------+---------+-------+---------+---------+-------
        D:1 |      32 |       0 |   0.0 |      18 |       0 |   0.0
        D:2 |      62 |      13 |  17.3 |      25 |       1 |   3.8
        D:3 |      47 |     103 |  68.7 |      16 |      15 |  48.4
        D:4 |     388 |     119 |  23.5 |      15 |       2 |  11.8
        D:5 |     340 |     201 |  37.2 |      15 |       6 |  28.6
        D:6 |     972 |       0 |   0.0 |      26 |       0 |   0.0
        D:7 |     961 |       0 |   0.0 |      21 |       0 |   0.0
        D:8 |    1923 |     881 |  31.4 |      16 |       6 |  27.3
        D:9 |    3100 |     941 |  23.3 |      26 |      37 |  58.7
       D:10 |    2137 |     943 |  30.6 |      23 |       1 |   4.2
     Lair:1 |    1038 |       0 |   0.0 |       6 |       0 |   0.0
     Lair:2 |    1584 |       0 |   0.0 |       5 |       0 |   0.0
            +---------+---------+-------+---------+---------+-------
